 Dungeon Crawl Stone Soup version 0.29-a0-96-g93358da72b (webtiles) character file.

Game seed: 10824906109038130338

10 dracfodder the Skirmisher (level 2, -1/19 HPs)
             Began as a Gargoyle Berserker on Feb 11, 2022.
             Was a Follower of Trog.
             Frozen to death by an endoplasm (3 damage)
             ... on level 1 of the Dungeon.
             The game lasted 00:01:48 (403 turns).

dracfodder the Skirmisher (Gargoyle Berserker)       Turns: 403, Time: 00:01:49

Health: -1/19      AC:  6    Str: 20    XL:     2   Next: 20%
Magic:  2/2        EV: 11    Int:  7    God:    Trog [*.....]
Gold:   38         SH:  0    Dex:  9    Spells: 1/1 levels left

rFire   . . .      SeeInvis .   a - +0 mace
rCold   . . .      Faith    .   (no shield)
rNeg    + . .      Spirit   .   b - +0 animal skin
rPois   ∞          Reflect  .   (no helmet)
rElec   +          Harm     .   (no cloak)
rCorr   .          Rampage  .   d - +0 pair of gloves
Will    .....                   (no boots)
Stlth   +.........              (no amulet)
HPRegen 0.06/turn               (no ring)
MPRegen 0.08/turn               (no ring)

@: no status effects
A: sickness immunity, AC +2, negative energy resistance 1, electricity
resistance, torment resistance 1, petrification resistance
a: Renounce Religion, Berserk


You were on level 1 of the Dungeon.
You worshipped Trog.
Trog was aware of your devotion.
You visited 1 branch of the dungeon, and saw 1 of its levels.

You collected 38 gold pieces.

Inventory:

Hand Weapons
 a - a +0 mace (weapon)
Missiles
 c - 11 stones (quivered)
 e - 5 poisoned darts
Armour
 b - a +0 animal skin (worn)
 d - a +0 pair of gloves (worn)


   Skills:
 * Level 3.6 Fighting
 + Level 3.2 Maces & Flails
 + Level 2.3 Armour
 + Level 1.6 Dodging


You had one spell level left.
You didn't know any spells.
Your spell library was empty.

Dungeon Overview and Level Annotations

Branches:
Dungeon (1/15)

Altars:


Innate Abilities, Weirdness & Mutations

You are immune to sickness and miasma.
Your stone body is resilient. (AC +2)
You are immune to poison.
You resist negative energy. (rN+)
You are resistant to electric shocks. (rElec)
You are resistant to unholy torment.
You are immune to petrification.


Message History

The endoplasm hits you but does no damage.
You hit the endoplasm.
The endoplasm is severely wounded.
The endoplasm freezes you.
You are frozen.
You sock the endoplasm!
You kill the endoplasm!
Trog accepts your kill.
You open the door.
There is an open door here.
e - 5 poisoned darts
There is an open door here.
Found 8 gold pieces.
An endoplasm comes into view.
The endoplasm freezes you.
You are frozen.
You hit the endoplasm.
The endoplasm is lightly wounded.
The endoplasm closely misses you.
You hit the endoplasm.
The endoplasm is lightly wounded.
The endoplasm freezes you.
You are frozen.
The endoplasm freezes you.
You are frozen.
You are too injured to fight recklessly!
You are too injured to fight recklessly!
You are too injured to fight recklessly!
You are too injured to fight recklessly!
You are too injured to fight recklessly!
You hit the endoplasm but do no damage.
The endoplasm is lightly wounded.
The endoplasm freezes you.
You are frozen.
* * * LOW HITPOINT WARNING * * *
You barely miss the endoplasm.
The endoplasm is lightly wounded.
The endoplasm freezes you.
You are frozen.
You die...

#.$#.. +# #..#.# .##
##..#.# #.. ...... ..
#..#.# .#
#..#.###.####.#
##########..#...........
................@.......
##.########.#..#J#..##.#
#........######........
#..'#≈≈≈##... ......#.#
##.#.....#......#.#.# #
#.≈.....≈......#.# # #..
###.≈..⌠..≈..[...#.#
....
..#.#.....#......#.#
....
..####≈≈≈###≈§≈###.#
.....


You could see an endoplasm.

Vanquished Creatures
  3 endoplasms (D:1)
  A giant cockroach (D:1)
  A goblin (D:1)
  A jackal (D:1)
  A quokka (D:1)
  A rat (D:1)
8 creatures vanquished.

Notes
Turn   | Place    | Note
-------+----------+-------------------------------------------
     0 | D:1      | dracfodder the Gargoyle Berserker began the quest for the
                  | Orb.
     0 | D:1      | Reached XP level 1. HP: 14/14 MP: 1/1
   250 | D:1      | Reached XP level 2. HP: 13/19 MP: 2/2
   403 | D:1      | Frozen to death by an endoplasm

Illustrated notes

Levels and vault maps discovered:
D:1:      dpeg_arrival_rooms_with_view, layout_basic,
          dreamdust_ecumenical_altar_grove

Action                   || total
-------------------------++-------
Melee: Mace              ||    32
       Punch             ||     1
Armor: Animal skin       ||    14
Dodge: Dodged            ||    21

Table legend: (Time is in decaauts)
 A = Elapsed time spent in this place.
 B = Non-inter-level travel time spent in this place.
 C = Inter-level travel time spent in this place.
 D = Time resting spent in this place.
 E = Time spent auto-exploring this place.
 F = Levels seen in this place.
 G = Mean time per level.
                   A        B        C        D        E       F      G
               +--------+--------+--------+--------+--------+-----+--------+
         Total |    410 |    410 |      0 |     67 |    131 |   1 |  410.0 |
       Dungeon |    410 |    410 |      0 |     67 |    131 |   1 |  410.0 |
               +--------+--------+--------+--------+--------+-----+--------+

Top non-repeatable levels by time:
     D:1: 410 daAuts
